 Dungeon Crawl Stone Soup version 0.25-a0-547-g27a0b5d1ef (webtiles) character file.

Game seed: 15923828756686745746, levelgen mode: deterministic

1161 Irikuri the Slasher (level 8, 0/67 HPs)
             Began as a Minotaur Gladiator on Feb 21, 2020.
             Slain by a wight
             ... wielding a cursed +5 short sword of freezing
              (2 damage)
             ... on level 6 of the Dungeon.
             The game lasted 00:17:38 (2666 turns).

Irikuri the Slasher (Minotaur Gladiator)            Turns: 2666, Time: 00:17:39

Health: 0/67       AC:  4    Str: 29    XL:     8   Next: 16%
Magic:  7/7        EV: 13    Int:  5    God:
Gold:   158        SH:  0    Dex: 11    Spells: 7/7 levels left

rFire    x . .     SeeInvis .   s - +3 hunting sling of the Dragonfly {venom, rF- Str+7} (curse)
rCold    . . .     Gourm    .   (no shield)
rNeg     . . .     Faith    .   b - +1 leather armour
rPois    .         Spirit   .   c - +0 hat
rElec    .         Reflect  .   (no cloak)
rCorr    .         Harm     .   (no gloves)
MR       .....                  (no boots)
Stlth    +.........             (no amulet)
HPRegen  0.21/turn              (no ring)
MPRegen  0.10/turn              (no ring)

@: heavily drained
A: retaliatory headbutt, horns 2
a: no special abilities


You were on level 6 of the Dungeon.
You were not hungry.

You visited 1 branch of the dungeon, and saw 5 of its levels.

You collected 158 gold pieces.

Inventory:

Hand Weapons
 a - a +0 long sword
 i - a +4 short sword of flaming
 m - a +0 hunting sling
 o - a +2 dire flail of protection
 r - a +2 quarterstaff of protection
 s - the cursed +3 hunting sling of the Dragonfly (weapon) {venom, rF- Str+7}
   (You found it on level 5 of the Dungeon)

   It poisons the ammo it fires.
   It affects your strength (+7).
   It makes you vulnerable to fire.
   It has a curse placed upon it.
 u - a cursed -2 falchion
Missiles
 d - 2 throwing nets
 e - 194 stones
 g - 58 bolts
 h - 14 arrows
 p - 12 sling bullets (quivered)
Armour
 b - a +1 leather armour (worn)
 c - a +0 hat (worn)
 l - a +1 pair of boots
 t - a +0 chain mail
Scrolls
 j - 2 scrolls of random uselessness
 k - 2 scrolls of fog
 n - 3 scrolls of identify
 q - a scroll of magic mapping
Comestibles
 f - 8 rations


   Skills:
 + Level 4.8(3.3) Fighting
 + Level 4.9(4.3) Short Blades
 + Level 5.3(4.8) Long Blades
 + Level 4.7(3.6) Slings
 + Level 2.2(2.1) Throwing
 + Level 4.0(2.6) Armour
 + Level 5.0(3.6) Dodging
 + Level 0.7(0.0) Stealth


You had 7 spell levels left.
You didn't know any spells.
Your spell library was empty.

Dungeon Overview and Level Annotations

Branches:
Dungeon (6/15)             Temple (0/1) D:5

Altars:
Yredelemnul

Shops:
D:6 =}


Innate Abilities, Weirdness & Mutations

You reflexively headbutt those who attack you in melee.
You have a pair of horns on your head.


Message History

* * * LOW HITPOINT WARNING * * *
The wight misses you. You furiously retaliate!
You headbutt the wight!
Firing (i - inventory. (/) - cycle)
p - 14 sling bullets (quivered)
Press: ? - help, Shift-Dir - straight line, f/p - wight
Aim: a wight, wielding a +5 short sword of freezing and wearing a +0 robe (almost destroyed)
You shoot a sling bullet.
The sling bullet hits the wight but does no damage.
The wight is almost destroyed.
The wight misses you. The wight closely misses you.
The wight hits you from afar with a cursed +0 spear!
* * * LOW HITPOINT WARNING * * *
Firing (i - inventory. (/) - cycle)
p - 13 sling bullets (quivered)
Press: ? - help, Shift-Dir - straight line, f/p - wight
Aim: a wight, wielding a +5 short sword of freezing and wearing a +0 robe (almost destroyed)
You shoot a sling bullet.
The sling bullet barely misses the wight.
The wight hits you with a cursed +5 short sword of freezing.
* * * LOW HITPOINT WARNING * * *
You feel drained.
You die...

8.8.8###.# #....#..#####
..⌠.⌠.#.#.# ####.##.#
8.∩.8..#.# #....#
⌠.⌠.#.#.################
8z8#...................
#.##.##################
#z.#(#.# #!z#zz.#
#z..<#@# ##z###z#
#...(.# #######


You could see 3 wights.

Vanquished Creatures
  Menkaure (D:4)
  An orc warrior (D:6)
  A phantom (D:6)
  4 ogres
  Blork the orc (D:4)
  A wyvern skeleton (D:5)
  A scorpion (D:4)
  A wight (D:6)
  A centaur zombie (D:6)
  An iguana (D:4)
  2 orc wizards (D:4)
  3 worker ants
  A worker ant zombie (D:6)
  3 adders
  3 gnolls (D:4)
  A shadow imp (D:5)
  An adder zombie (D:6)
  4 dart slugs
  3 leopard geckos (D:2)
  6 orcs
  6 giant cockroaches
  2 goblins (D:1)
  6 hobgoblins
  4 kobolds
  2 quokkas (D:5)
  A ball python (D:2)
  A bat (D:2)
  3 frilled lizards
  A rat (D:2)
66 creatures vanquished.

Notes
Turn   | Place    | Note
-------+----------+-------------------------------------------
     0 | D:1      | Irikuri the Minotaur Gladiator began the quest for the Orb.
     0 | D:1      | Reached XP level 1. HP: 18/18 MP: 0/0
   269 | D:1      | Reached XP level 2. HP: 25/25 MP: 1/1
   419 | D:2      | Reached XP level 3. HP: 18/30 MP: 2/2
   966 | D:2      | You fall into a shaft and drop 2 floors!
   980 | D:4      | Reached skill level 1 in Short Blades
   980 | D:4      | Reached XP level 4. HP: 17/37 MP: 3/3
   981 | D:4      | Noticed an ogre
   987 | D:4      | Noticed Blork the orc
   990 | D:4      | Killed an ogre
   990 | D:4      | Reached skill level 5 in Long Blades
   990 | D:4      | Reached skill level 1 in Armour
   990 | D:4      | Reached XP level 5. HP: 22/45 MP: 4/4
  1019 | D:4      | Killed Blork the orc
  1236 | D:4      | Reached XP level 6. HP: 38/51 MP: 5/5
  1376 | D:4      | Noticed Menkaure
  1387 | D:4      | Killed Menkaure
  1392 | D:4      | Reached XP level 7. HP: 18/58 MP: 6/6
  1840 | D:5      | Entered Level 5 of the Dungeon
  1860 | D:5      | Found a staircase to the Ecumenical Temple.
  1897 | D:5      | Got a faintly glowing hunting sling
  1898 | D:5      | Identified the cursed +3 hunting sling of the Dragonfly
                  | {venom, rF- Str+7} (You found it on level 5 of the Dungeon)
  1924 | D:5      | Reached skill level 1 in Slings
  2146 | D:5      | Found a basalt altar of Yredelemnul.
  2441 | D:6      | Found Nuelampo's Gadget Boutique.
  2585 | D:6      | Reached skill level 5 in Dodging
  2585 | D:6      | Reached XP level 8. HP: 59/67 MP: 7/7
  2638 | D:6      | Found Qaphuog's Jewellery Shoppe.
  2666 | D:6      | HP: 2/67 [wight/cursed +5 short sword of freezing (5)]
  2666 | D:6      | Slain by a wight

Levels and vault maps discovered:
D:1:      shiori_arrival_maze, layout_basic
D:2:      layout_loops_ring
D:4:      layout_layer_cave, grunt_temple_overflow_open, minmay_misc_feat_alley,
          kennysheep_generic_room_4, uniq_menkaure, uniq_robin,
          uniq_blork_the_orc
D:5:      layout_cave_pods, overflow_temple_1_default, minmay_temple_entry_tees,
          first_ration
D:6:      layout_basic, xom_teletrap_fun, serial_shops,
          nicolae_shop_temple_entry_statues_fountains, shop, kennysheep_mini,
          kennysheep_slug_shrine

Skill      XL: |  1  2  3  4  5  6  7  8 |
---------------+-------------------------+-----
Long Blades    | 4 5 |  5.3
Dodging        | 4 5 |  5.0
Short Blades   | 1 2 3 4 |  4.9
Fighting       | 3 4 |  4.8
Armour         | 1 3 4 |  4.0
Slings         | 3 4 |  4.7
Throwing       | |  2.2
Stealth        | |  0.7

Action                   |  1- 3 |  4- 6 |  7- 9 || total
-------------------------+-------+-------+-------++-------
Melee: Long sword        |     7 |       |       ||     7
       Short sword       |    52 |    49 |    32 ||   133
       Headbutt          |     7 |    11 |     6 ||    24
       Hunting sling     |       |       |     1 ||     1
 Fire: Hunting sling     |       |     2 |    82 ||    84
Throw: Throwing net      |       |       |     1 ||     1
  Use: Scroll            |     7 |       |     4 ||    11
       Potion            |     3 |     2 |     1 ||     6
  Eat: Chunk             |       |     1 |     3 ||     4
       Ration            |       |       |     1 ||     1
Armor: Leather armour    |    18 |     4 |    14 ||    36
Dodge: Dodged            |    28 |    30 |    47 ||   105

Table legend:
 A = Non-vault XP
 B = Vault XP
 C = Vault XP percentage of total XP
 D = Non-vault monster count
 E = Vault monster count
 F = Vault count percentage of total count
                 A         B        C        D         E       F
            +---------+---------+-------+---------+---------+-------
      Total |    1387 |     272 |  16.4 |      63 |       3 |   4.5
            +---------+---------+-------+---------+---------+-------
        D:1 |      16 |       4 |  20.0 |       8 |       1 |  11.1
        D:2 |      41 |       0 |   0.0 |      15 |       0 |   0.0
        D:4 |     660 |     268 |  28.9 |      20 |       2 |   9.1
        D:5 |     276 |       0 |   0.0 |      11 |       0 |   0.0
        D:6 |     394 |       0 |   0.0 |       9 |       0 |   0.0
            +---------+---------+-------+---------+---------+-------
